 Dungeon Crawl Stone Soup version 0.28-a0-649-g2b6bb2fd11 (webtiles) character file.

Game seed: 14689547762695669134

1569 relng the Covert (level 8, 0/36 HPs)
             Began as a Spriggan Enchanter on Oct 11, 2021.
             Slain by a white imp (4 damage)
             ... on level 5 of the Dungeon.
             The game lasted 00:11:45 (7713 turns).

relng the Covert (Spriggan Enchanter)               Turns: 7713, Time: 00:11:46

Health: 0/36       AC:  0    Str:  6    XL:     8   Next: 59%
Magic:  20/21      EV: 17    Int: 16    God:
Gold:   934        SH:  0    Dex: 16    Spells: 15/23 levels left

rFire   + . .      SeeInvis +   f - +4 dagger (elec)
rCold   . . .      Faith    .   (shield restricted)
rNeg    . . .      Spirit   .   l - +2 robe {Will+}
rPois   .          Reflect  .   (helmet restricted)
rElec   .          Harm     .   (no cloak)
rCorr   .          Rampage  .   (gloves unavailable)
Will    ++...                   (boots unavailable)
Stlth   ++++......              (no amulet)
HPRegen 0.12/turn               n - ring of protection from fire
MPRegen 0.17/turn               (no ring)

@: mighty, corroded, flying, very quick
A: very small, no large weapons, unfitting armour, see invisible, speed 3
a: no special abilities


You were on level 5 of the Dungeon.
You visited 1 branch of the dungeon, and saw 5 of its levels.

You collected 934 gold pieces.

Inventory:

Hand Weapons
 a - a +1 dagger of flaming
 d - a +1 dagger of holy wrath
 f - a +4 dagger of electrocution (weapon)
Missiles
 j - 11 poisoned darts (quivered)
Armour
 l - a +2 robe of willpower (worn)
Jewellery
 n - a ring of protection from fire (left hand)
Wands
 k - a wand of acid (9)
Scrolls
 c - a scroll of amnesia
 g - a scroll of teleportation
Potions
 e - a potion of curing
 h - a potion of attraction


   Skills:
 - Level 1.1 Short Blades
 - Level 2.6 Dodging
 + Level 9.5 Stealth
 + Level 8.4 Spellcasting
 + Level 8.8 Hexes


You had 15 spell levels left.
You knew the following spells:

 Your Spells              Type           Power      Damage    Failure   Level
a - Ensorcelled Hibernat  Hex/Ice        40%        N/A       2%          2
b - Tukima's Dance        Hex            34%        N/A       1%          3
c - Dazzling Flash        Conj/Hex       40%        N/A       5%          3

Your spell library contained the following spells:

 Spells                   Type           Power      Damage    Failure   Level
 Confusing Touch          Hex            34%        N/A       1%          3
 Cause Fear               Hex            17%        N/A       3%          4
 Inner Flame              Hex/Fire       20%        N/A       5%          3
 Sandblast                Erth           12%        2d6       11%         1
 Passwall                 Tmut/Erth      5%         N/A       16%         2
 Stone Arrow              Conj/Erth      12%        3d7       32%         3
 Discord                  Hex            17%        N/A       100%        8


Dungeon Overview and Level Annotations

Branches:
Dungeon (5/15)
 Temple: D:4-7

Altars:
Ashenzari
Cheibriados
Hepliaklqana
Kikubaaqudgha
Xom
Zin
The Shining One

Shops:
D:1 =


Innate Abilities, Weirdness & Mutations

You are very small and have problems with some larger weapons.
You are too small for most types of armour.
You have supernaturally acute eyesight. (SInv)
You cover ground extremely quickly. (Speed+++)


Message History

Aim: a jelly (moderately wounded, chance to affect: 59%)
The jelly looks drowsy...
The helpless jelly fails to defend itself.
You impale the jelly!! Lightning courses through the jelly!
You kill the jelly!
The white imp gestures at you. The puff of frost hits you!
Casting: Ensorcelled Hibernation (safe; 2% risk of failure)
Confirm with . or Enter, or press ? or * to list all spells.
You can't see any susceptible monsters within range! (Use Z to cast anyway.) Unknown command.
You hit the white imp.
The white imp is lightly wounded.
The white imp gestures at you. The puff of frost hits you.
* * * LOW HITPOINT WARNING * * *
You hit the white imp but do no damage.
The white imp is lightly wounded.
The white imp hits you.
* * * LOW HITPOINT WARNING * * *
The white imp freezes you.
* * * LOW HITPOINT WARNING * * *
The dart slug launches a dart at you. The slug dart misses you.
You feel better. The white imp gestures at you. The puff of frost misses you.
The dart slug bites you.
* * * LOW HITPOINT WARNING * * *
It was a potion of flight.
You feel very buoyant.
You fly up into the air.
The white imp hits you.
* * * LOW HITPOINT WARNING * * *
The white imp freezes you.
* * * LOW HITPOINT WARNING * * *
It was a potion of might.
You feel very mighty all of a sudden. The white imp hits you.
* * * LOW HITPOINT WARNING * * *
The white imp freezes you.
You die...

......###..s#...#F≈y
...........(....#.ws#...#ty≈
.......###......#..s#...#♣y§
.......##.......#.#s#...#y♣y
......##.......###s#..!#FF≈ $
..............#####...####
...###...#.# #........#......
....!......###.....##.#......
..........w5@..##............
.........|.##.##.....[#......
#......#...#...#.............
.......#...#...#........#####
.#.....#.###...###......# #
#......## ..... ##.....# #
#.....# ....... ##....# #
###... ..≈≈≈.. #.....#
##....#


You could see a white imp and a dart slug.

Vanquished Creatures
  Pikel (D:4)
  Eustachio (D:4)
  A black bear (D:3)
  2 ogres
  A lemure (D:4)
  A scorpion (D:5)
  A water moccasin skeleton (D:2)
  3 crimson imps (D:5)
  A centaur zombie (D:5)
  2 jellies
  2 orc priests
  A bullfrog skeleton (D:4)
  2 hounds (D:4)
  2 iguanas
  3 orc wizards
  A hound skeleton (D:4)
  4 adders
  An ufetubus (D:4)
  2 adder skeletons (D:4)
  2 worms (D:2)
  A dart slug (D:2)
  5 orcs
  11 ball pythons
  3 bats
  6 endoplasms
  5 giant cockroaches
  6 goblins
  9 hobgoblins
  A quokka (D:1)
  15 frilled lizards (D:1)
  9 kobolds
  5 rats
110 creatures vanquished.

Vanquished Creatures (others)
  7 plants
7 creatures vanquished.

Grand Total: 117 creatures vanquished

Notes
Turn   | Place    | Note
-------+----------+-------------------------------------------
     0 | D:1      | relng the Spriggan Enchanter began the quest for the Orb.
     0 | D:1      | Reached XP level 1. HP: 9/9 MP: 5/5
   335 | D:1      | Reached XP level 2. HP: 12/13 MP: 7/7
   338 | D:1      | Learned a level 2 spell: Ensorcelled Hibernation
   459 | D:1      | Found Weits's Jewellery Shop.
   610 | D:1      | Found a faded altar of an unknown god.
  1046 | D:1      | Reached XP level 3. HP: 16/16 MP: 9/9
  2133 | D:2      | Reached skill level 5 in Hexes
  2133 | D:2      | Reached XP level 4. HP: 21/21 MP: 11/11
  2156 | D:2      | Identified a scroll of acquirement
  2156 | D:2      | Acquired 722 gold pieces
  3216 | D:2      | Learned a level 3 spell: Tukima's Dance
  3220 | D:2      | Learned a level 3 spell: Dazzling Flash
  3945 | D:2      | Found a snail-covered altar of Cheibriados.
  4246 | D:3      | Found an ancient bone altar of Kikubaaqudgha.
  4264 | D:3      | Reached skill level 5 in Spellcasting
  4264 | D:3      | Reached XP level 5. HP: 24/24 MP: 11/13
  4283 | D:3      | Noticed a black bear
  4617 | D:3      | Killed a black bear
  4618 | D:3      | Reached skill level 5 in Stealth
  5155 | D:4      | Reached XP level 6. HP: 28/28 MP: 15/15
  5164 | D:4      | Found a shimmering altar of Xom.
  5643 | D:4      | Reached skill level 6 in Stealth
  5873 | D:4      | Reached XP level 7. HP: 13/32 MP: 17/17
  6399 | D:4      | Noticed Eustachio
  6420 | D:4      | Killed Eustachio
  6421 | D:4      | Reached skill level 7 in Stealth
  6863 | D:4      | Noticed Pikel
  6907 | D:4      | Killed Pikel
  6908 | D:4      | Reached skill level 8 in Stealth
  6908 | D:4      | Reached XP level 8. HP: 23/36 MP: 16/20
  7096 | D:4      | Found a hazy altar of Hepliaklqana.
  7096 | D:4      | Found a glowing silver altar of Zin.
  7111 | D:4      | Found a glowing golden altar of the Shining One.
  7174 | D:5      | Entered Level 5 of the Dungeon
  7221 | D:5      | Found a shimmering altar of Xom.
  7230 | D:5      | Reached skill level 9 in Stealth
  7633 | D:5      | Found a broken altar of Ashenzari.
  7637 | D:5      | Saw a vision of the Swamp and the Spider Nest.
  7637 | D:5      | Noticed a goliath frog
  7637 | D:5      | Noticed an alligator
  7637 | D:5      | Noticed a goliath frog
  7637 | D:5      | Noticed a wolf spider
  7637 | D:5      | Noticed a goliath frog
  7639 | D:5      | Noticed a goliath frog
  7713 | D:5      | Slain by a white imp

Illustrated notes

Levels and vault maps discovered:
D:1:      psy_arrival_dodecagon, layout_rooms, serial_shops, shop,
          ebering_ecumenical_altar_abandoned, serial_corexii_hall,
          corexii_hall_statues_u, corexii_hall_statues_x,
          corexii_hall_statues_l, chequers_hall_statues_wall_a,
          chequers_hall_statues_wall_a, chequers_hall_statues_corner_a,
          minmay_lizard_king
D:2:      layout_basic, basic_altar
D:3:      layout_basic, old_standard_altar
D:4:      layout_cave_pools, tso_altar, gammafunk_temple_overflow_elements,
          minmay_ruined_shrine, uniq_pikel, uniq_eustachio
D:5:      layout_basic, led_xom_imps, tgw_sif, grunt_ashenzari_visionary
          [grunt_ashenzari_visionary_swamp, grunt_ashenzari_visionary_spider],
          ebering_ghost_sewer_d

Skill      XL: |  1  2  3  4  5  6  7  8 |
---------------+-------------------------+-----
Spellcasting   | 3 4 5 6 7 8 |  8.4
Hexes          | 4 5 6 8 |  8.8
Stealth        | 5 6 8 9 |  9.5
Short Blades   | |  1.1
Dodging        | |  2.6

Action                   |  1- 3 |  4- 6 |  7- 9 || total
-------------------------+-------+-------+-------++-------
Melee: Dagger            |   126 |   193 |    65 ||   384
 Cast: Ensorcelled Hiber |     3 |    28 |    18 ||    49
Evoke: Wand              |       |     1 |     1 ||     2
  Use: Scroll            |       |     8 |     4 ||    12
       Potion            |       |       |     5 ||     5
 Stab: Sleeping          |    10 |    17 |    11 ||    38
       Invisible         |       |       |     3 ||     3
       Distracted        |       |       |     1 ||     1
Armor: Robe              |    10 |    26 |     3 ||    39
Dodge: Dodged            |    90 |   165 |    50 ||   305

Table legend: (Time is in decaauts)
 A = Elapsed time spent in this place.
 B = Non-inter-level travel time spent in this place.
 C = Inter-level travel time spent in this place.
 D = Time resting spent in this place.
 E = Time spent auto-exploring this place.
 F = Levels seen in this place.
 G = Mean time per level.
                   A        B        C        D        E       F      G
               +--------+--------+--------+--------+--------+-----+--------+
         Total |   6547 |   6430 |    117 |   2271 |   3212 |   5 | 1309.4 |
       Dungeon |   6547 |   6430 |    117 |   2271 |   3212 |   5 | 1309.4 |
               +--------+--------+--------+--------+--------+-----+--------+

Top non-repeatable levels by time:
     D:1: 1835 daAuts
     D:2: 1697 daAuts
     D:3: 1633 daAuts
     D:4: 907 daAuts
     D:5: 474 daAuts
